SAA
MARQUETTE MINERS @ SALEM MISFITS
09/22/2031
 
TOP OF THE 1ST
Marquette Miners batting - Pitching for Salem Misfits : RHP Carlos Salcido
Pitching: RHP Carlos Salcido
Batting: RHB Steven Rohrs 0-0: Called Strike
0-1: SINGLE (Flyball, 7S)
Batting: RHB Mark Keys 0-0: Called Strike
0-1: Ball
1-1: Ball
2-1: Called Strike
Steven Rohrs steals 2nd base
2-2: Foul Ball, location: 2F
2-2: Strikes out swinging
Batting: SHB Ben Boston 0-0: Ball
Steven Rohrs is caught stealing 3rd base
1-0: Ball
2-0: Called Strike
2-1: Fly out, F9 (Line Drive, 9)
Top of the 1st over - 0 runs, 1 hit, 0 errors, 0 left on base; Marquette 0 - Salem 0
BOTTOM OF THE 1ST
Salem Misfits batting - Pitching for Marquette Miners : RHP Juan Parales
Pitching: RHP Juan Parales
Batting: LHB José Cuervo 0-0: Hit by Pitch
Batting: LHB Donatas Montiejunas 0-0: Ball
1-0: Foul Ball, location: 2F
1-1: Foul Ball, location: 2F
1-2: DOUBLE (Line Drive, 9LM)
José Cuervo to third
Runner from 3rd tries for Home, SAFE, no throw
Batting: LHB Jesús Lazcano 0-0: 2-RUN HOME RUN (Line Drive, 7LD), Distance : 354 ft
Batting: RHB Akke Derksen 0-0: Ball
1-0: Called Strike
1-1: Called Strike
1-2: Ground out 4-3 (Groundball, 4)
Batting: RHB Bob Petiet 0-0: Called Strike
0-1: Ball
1-1: Foul Ball, location: 2F
1-2: Fly out, F7 (Flyball, 7D)
Batting: RHB César Ramos 0-0: Foul Ball, location: 2F
0-1: Foul Ball, location: 2F
0-2: Strikes out looking
Bottom of the 1st over - 3 runs, 2 hits, 0 errors, 0 left on base; Marquette 0 - Salem 3
TOP OF THE 2ND
Marquette Miners batting - Pitching for Salem Misfits : RHP Carlos Salcido
Batting: RHB Franklin Kelley 0-0: Ball
1-0: Foul Ball, location: 2F
1-1: Ball
2-1: Ground out 5-3 (Groundball, 5D)
Batting: RHB Asko Riikonen 0-0: Swinging Strike
0-1: Swinging Strike
0-2: Foul Ball, location: 2F
0-2: Strikes out swinging
Batting: SHB Yushua Harith 0-0: Called Strike
0-1: Swinging Strike
0-2: SINGLE (Flyball, 9S)
Batting: RHB Andrew Cantrell 0-0: Swinging Strike
0-1: Foul Ball, location: 2F
0-2: Ball
1-2: Strikes out swinging
Top of the 2nd over - 0 runs, 1 hit, 0 errors, 1 left on base; Marquette 0 - Salem 3
BOTTOM OF THE 2ND
Salem Misfits batting - Pitching for Marquette Miners : RHP Juan Parales
Batting: LHB Tyler Knopp 0-0: Called Strike
0-1: Called Strike
0-2: Ball
1-2: Strikes out swinging
Batting: RHB Jorge Gómez 0-0: Ball
1-0: Ground out 6-3 (Groundball, 6)
Batting: RHB Atanza Vongor 0-0: Ball
1-0: Swinging Strike
1-1: Foul Ball, location: 2F
1-2: Strikes out swinging
Bottom of the 2nd over - 0 runs, 0 hits, 0 errors, 0 left on base; Marquette 0 - Salem 3
TOP OF THE 3RD
Marquette Miners batting - Pitching for Salem Misfits : RHP Carlos Salcido
Batting: RHB Alejandro Márquez 0-0: SINGLE (Groundball, 4D)
Batting: SHB Ted Tullo 0-0: Ball
1-0: Called Strike
1-1: Ball
2-1: Foul Ball, location: 2F
2-2: Strikes out swinging
Batting: RHB Steven Rohrs 0-0: Foul Ball, location: 2F
0-1: Ball
1-1: Ball
2-1: Ball
3-1: Called Strike
3-2: Base on Balls
Alejandro Márquez to second
Batting: RHB Mark Keys 0-0: Ball
1-0: Swinging Strike
1-1: Grounds into double play, 6-4-3 (Groundball, 6)
Top of the 3rd over - 0 runs, 1 hit, 0 errors, 1 left on base; Marquette 0 - Salem 3
BOTTOM OF THE 3RD
Salem Misfits batting - Pitching for Marquette Miners : RHP Juan Parales
Batting: LHB José Cuervo 0-0: Called Strike
0-1: Ball
1-1: Ball
2-1: Foul Ball, location: 2F
2-2: Strikes out swinging
Batting: LHB Donatas Montiejunas 0-0: Ground out 2-3 (Groundball, 2L)
Batting: LHB Jesús Lazcano 0-0: Called Strike
0-1: SINGLE (Line Drive, 6D)
Batting: RHB Akke Derksen 0-0: Called Strike
Jesús Lazcano steals 2nd base
0-1: Ball
1-1: Foul Ball, location: 2F
1-2: Ball
2-2: Ground out 5-3 (Groundball, 56S)
Bottom of the 3rd over - 0 runs, 1 hit, 0 errors, 1 left on base; Marquette 0 - Salem 3
TOP OF THE 4TH
Marquette Miners batting - Pitching for Salem Misfits : RHP Carlos Salcido
Batting: SHB Ben Boston 0-0: Swinging Strike
0-1: Ball
1-1: Ball
2-1: Swinging Strike
2-2: Strikes out swinging
Batting: RHB Franklin Kelley 0-0: Ball
1-0: Ball
2-0: Ground out 5-3 (Groundball, 56S)
Batting: RHB Asko Riikonen 0-0: Ball
1-0: Swinging Strike
1-1: Ball
2-1: Fly out, F4 (Popup, 4MD)
Top of the 4th over - 0 runs, 0 hits, 0 errors, 0 left on base; Marquette 0 - Salem 3
BOTTOM OF THE 4TH
Salem Misfits batting - Pitching for Marquette Miners : RHP Juan Parales
Batting: RHB Bob Petiet 0-0: Ball
1-0: SINGLE (Flyball, 89S)
Batting: RHB César Ramos 0-0: Called Strike
0-1: Fly out, F8 (Flyball, 8LD)
Batting: LHB Tyler Knopp 0-0: SINGLE (Line Drive, 8RS)
Bob Petiet to second
Batting: RHB Jorge Gómez 0-0: Ball
1-0: Ball
2-0: Called Strike
2-1: Ball
3-1: SINGLE (Groundball, 56S) (infield hit)
Bob Petiet to third
Tyler Knopp to second
Batting: RHB Atanza Vongor 0-0: Ball
1-0: Foul Ball, location: 2F
1-1: Fly out, F3 (Popup, 34S)
Batting: LHB José Cuervo 0-0: Called Strike
0-1: Ball
1-1: Ball
2-1: Ball
3-1: Base on Balls
Bob Petiet scores
Tyler Knopp to third
Jorge Gómez to second
Batting: LHB Donatas Montiejunas 0-0: Foul Ball, location: 2F
0-1: Foul Ball, location: 2F
0-2: Fielders Choice at 2nd, 6-4 (Groundball, 6D)
Bottom of the 4th over - 1 run, 3 hits, 0 errors, 3 left on base; Marquette 0 - Salem 4
TOP OF THE 5TH
Marquette Miners batting - Pitching for Salem Misfits : RHP Carlos Salcido
Batting: SHB Yushua Harith 0-0: Called Strike
0-1: Hit by Pitch
Batting: RHB Andrew Cantrell 0-0: Ball
1-0: Called Strike
1-1: Ball
2-1: Grounds into double play, 4-6-3 (Groundball, 4D)
Batting: RHB Alejandro Márquez 0-0: Ball
1-0: Ball
2-0: Ball
3-0: Called Strike
3-1: Foul Ball, location: 2F
3-2: Base on Balls
Batting: SHB Ted Tullo 0-0: Swinging Strike
0-1: Fielders Choice at 2nd, 6-4 (Groundball, 6)
Top of the 5th over - 0 runs, 0 hits, 0 errors, 1 left on base; Marquette 0 - Salem 4
BOTTOM OF THE 5TH
Salem Misfits batting - Pitching for Marquette Miners : RHP Juan Parales
Batting: LHB Jesús Lazcano 0-0: Foul Ball, location: 2F
0-1: Ball
1-1: Hit by Pitch
Batting: RHB Akke Derksen 0-0: Grounds into double play, 5-4-3 (Groundball, 56)
Batting: RHB Bob Petiet 0-0: SINGLE (Groundball, 56D)
Batting: RHB César Ramos 0-0: Called Strike
0-1: Foul Ball, location: 2F
0-2: Strikes out swinging
Bottom of the 5th over - 0 runs, 1 hit, 0 errors, 1 left on base; Marquette 0 - Salem 4
TOP OF THE 6TH
Marquette Miners batting - Pitching for Salem Misfits : RHP Carlos Salcido
Batting: RHB Steven Rohrs 0-0: Ball
1-0: Foul Ball, location: 2F
1-1: Ball
2-1: Ball
3-1: Base on Balls
Batting: RHB Mark Keys 0-0: Called Strike
0-1: Ball
1-1: Foul Ball, location: 2F
1-2: Strikes out looking
Batting: SHB Ben Boston 0-0: Ball
Steven Rohrs steals 2nd base
1-0: Ball
2-0: Ball
3-0: Base on Balls
Batting: RHB Franklin Kelley 0-0: Ball
1-0: Ball
2-0: Ground out 6-3 (Groundball, 6MS)
Steven Rohrs to third
Ben Boston to second
Batting: RHB Asko Riikonen 0-0: Ball
1-0: Ball
2-0: Foul Ball, location: 2F
2-1: Fly out, F8 (Flyball, 89D)
Top of the 6th over - 0 runs, 0 hits, 0 errors, 2 left on base; Marquette 0 - Salem 4
BOTTOM OF THE 6TH
Salem Misfits batting - Pitching for Marquette Miners : RHP Juan Parales
Batting: LHB Tyler Knopp 0-0: Ball
1-0: Ball
2-0: Called Strike
2-1: Ball
3-1: Fly out, F9 (Flyball, 9S)
Batting: RHB Jorge Gómez 0-0: Foul Ball, location: 2F
0-1: Ball
1-1: Ball
2-1: DOUBLE (Line Drive, 89D)
Batting: RHB Atanza Vongor 0-0: Ball
1-0: SINGLE (Flyball, 78M)
Jorge Gómez to third
Batting: LHB José Cuervo 0-0: Ball
1-0: Called Strike
Atanza Vongor steals 2nd base
Balk!
Jorge Gómez scores
Atanza Vongor to third
1-1: Ball
2-1: Fly out, F8 (Flyball, 8RM)
Runner from 3rd tags up, SCORES, throw made
Batting: LHB Donatas Montiejunas 0-0: Ball
1-0: Called Strike
1-1: Ball
2-1: Foul Ball, location: 2F
2-2: Ground out 4-3 (Groundball, 4)
Bottom of the 6th over - 2 runs, 2 hits, 0 errors, 0 left on base; Marquette 0 - Salem 6
TOP OF THE 7TH
Marquette Miners batting - Pitching for Salem Misfits : RHP Carlos Salcido
Batting: SHB Yushua Harith 0-0: Ball
1-0: Swinging Strike
1-1: Ball
2-1: Foul Ball, location: 2F
2-2: Ball
3-2: Foul Ball, location: 2F
3-2: SINGLE (Groundball, 34D)
Batting: RHB Andrew Cantrell 0-0: Swinging Strike
0-1: Ball
1-1: Foul Ball, location: 2F
1-2: Ball
2-2: Ball
3-2: Grounds into double play, 6-4-3 (Groundball, 6)
Batting: RHB Alejandro Márquez 0-0: Ball
1-0: Ball
2-0: Ball
3-0: Swinging Strike
3-1: Foul Ball, location: 2F
3-2: Base on Balls
Batting: SHB Ted Tullo 0-0: Called Strike
0-1: Foul Ball, location: 2F
0-2: DOUBLE (Line Drive, 8RD)
Alejandro Márquez to third
Runner from 3rd tries for Home, SAFE, no throw
Pitching: RHP Bogdon Sokolov
Batting: RHB Steven Rohrs 0-0: Ground out 6-3 (Groundball, 6)
Top of the 7th over - 1 run, 2 hits, 0 errors, 1 left on base; Marquette 1 - Salem 6
BOTTOM OF THE 7TH
Salem Misfits batting - Pitching for Marquette Miners : RHP Juan Parales
Pitching: RHP Carson Vancuren
Batting: LHB Jesús Lazcano 0-0: Ball
1-0: Called Strike
1-1: Ball
2-1: Ground out 4-3 (Groundball, 4S)
Batting: RHB Akke Derksen 0-0: SOLO HOME RUN (Line Drive, 7LD), Distance : 343 ft
Batting: RHB Bob Petiet 0-0: Swinging Strike
0-1: Foul Ball, location: 2F
0-2: Ball
1-2: Ball
2-2: Ball
3-2: Base on Balls
Batting: RHB César Ramos 0-0: Ball
1-0: Called Strike
1-1: Called Strike
1-2: Ball
2-2: SINGLE (Groundball, 56S) (infield hit)
Bob Petiet to second
Batting: LHB Tyler Knopp 0-0: Ball
1-0: Ball
2-0: Ball
3-0: Called Strike
3-1: Foul Ball, location: 2F
3-2: Strikes out swinging
Batting: RHB Jorge Gómez 0-0: Ball
1-0: Ball
2-0: Swinging Strike
2-1: Foul Ball, location: 2F
2-2: Ground out U3 (Groundball, 3)
Bottom of the 7th over - 1 run, 2 hits, 0 errors, 2 left on base; Marquette 1 - Salem 7
TOP OF THE 8TH
Marquette Miners batting - Pitching for Salem Misfits : RHP Bogdon Sokolov
Batting: RHB Mark Keys 0-0: Hit by Pitch
Batting: SHB Ben Boston 0-0: Swinging Strike
0-1: Ball
1-1: Foul Ball, location: 2F
1-2: Ball
2-2: Strikes out looking
Batting: RHB Franklin Kelley 0-0: Ball
1-0: Ball
2-0: Called Strike
2-1: Ball
3-1: Foul Ball, location: 2F
3-2: Fielders Choice at 2nd, 6-4 (Groundball, 6)
Batting: RHB Asko Riikonen 0-0: Called Strike
0-1: Swinging Strike
0-2: Ball
1-2: Foul Ball, location: 2F
1-2: Ball
2-2: Foul Ball, location: 2F
2-2: Fly out, F3 (Line Drive, 3S)
Top of the 8th over - 0 runs, 0 hits, 0 errors, 1 left on base; Marquette 1 - Salem 7
BOTTOM OF THE 8TH
Salem Misfits batting - Pitching for Marquette Miners : RHP Carson Vancuren
Batting: RHB Atanza Vongor 0-0: Called Strike
0-1: Ball
1-1: Foul Ball, location: 2F
1-2: Foul Ball, location: 2F
1-2: SINGLE (Groundball, 4MD)
Batting: LHB José Cuervo 0-0: Ball
1-0: Ball
2-0: Called Strike
2-1: Foul Ball, location: 2F
2-2: Foul Ball, location: 2F
2-2: Strikes out swinging
Batting: LHB Donatas Montiejunas 0-0: Called Strike
0-1: Called Strike
0-2: Ball
1-2: Ball
2-2: Foul Ball, location: 2F
2-2: Ball
3-2: Ground out 6-3 (Groundball, 6MS)
Atanza Vongor to second
Batting: LHB Jesús Lazcano 0-0: Ball
1-0: Ball
2-0: Called Strike
2-1: Foul Ball, location: 2F
2-2: Foul Ball, location: 2F
2-2: Foul Ball, location: 2F
2-2: Strikes out swinging
Bottom of the 8th over - 0 runs, 1 hit, 0 errors, 1 left on base; Marquette 1 - Salem 7
TOP OF THE 9TH
Marquette Miners batting - Pitching for Salem Misfits : RHP Bogdon Sokolov
Batting: SHB Yushua Harith 0-0: Ground out U3 (Groundball, 34S)
Batting: RHB Andrew Cantrell 0-0: Called Strike
0-1: Foul Ball, location: 2F
0-2: Strikes out swinging
Batting: RHB Alejandro Márquez 0-0: Ball
1-0: Ball
2-0: Ball
3-0: Called Strike
3-1: Called Strike
3-2: Foul Ball, location: 2F
3-2: Foul Ball, location: 2F
3-2: Foul Ball, location: 2F
3-2: Strikes out looking
Top of the 9th over - 0 runs, 0 hits, 0 errors, 0 left on base; Marquette 1 - Salem 7
Tuesday, June 12th, 2018 - OOTP Baseball 18.8 Build 76